3L
LONG ISLAND LIGHTHOUSE @ VANCOUVER GREY WOLVES
09/13/2041
 
TOP OF THE 1ST
Long Island Lighthouse batting - Pitching for Vancouver Grey Wolves : LHP Gerardo Pagán
Pitching: LHP Gerardo Pagán
Batting: RHB Eugene Bennett 0-0: Ball
1-0: Foul Ball, location: 2F
1-1: Ball
2-1: Ball
3-1: Foul Ball, location: 2F
3-2: Base on Balls
Batting: RHB Mark Toope 0-0: Ball
1-0: Ball
2-0: Fielders Choice at 2nd, 2-4 (Groundball, 2L, EV 67.5 MPH)
Batting: RHB Jonas van Claveren 0-0: Called Strike
0-1: Ball
1-1: SINGLE (Line Drive, 9LS, EV 91.2 MPH)
Mark Toope to second
Runner from 2nd tries for 3rd, SAFE, throw by RF made to third
Batting: RHB Oliver Villalva 0-0: Called Strike
0-1: Ball
1-1: Hit by Pitch
Jonas van Claveren to second
Batting: RHB Carlos Mendoza 0-0: Called Strike
0-1: Grounds into double play, 6-4-3 (Groundball, 6, EV 81.9 MPH)
Top of the 1st over - 0 runs, 1 hit, 0 errors, 2 left on base; Long Island 0 - Vancouver 0
BOTTOM OF THE 1ST
Vancouver Grey Wolves batting - Pitching for Long Island Lighthouse : RHP Nolan Howard
Pitching: RHP Nolan Howard
Batting: LHB Yoritomo Sato 0-0: Ground out 1-3 (Groundball, 13S, EV 68.8 MPH)
Batting: LHB José Arras 0-0: Ball
1-0: Called Strike
1-1: Fly out, F7 (Flyball, 7, EV 91.9 MPH)
Batting: LHB Robbie Brendle 0-0: Fly out, F9 (Flyball, 9S, EV 76.9 MPH)
Bottom of the 1st over - 0 runs, 0 hits, 0 errors, 0 left on base; Long Island 0 - Vancouver 0
TOP OF THE 2ND
Long Island Lighthouse batting - Pitching for Vancouver Grey Wolves : LHP Gerardo Pagán
Batting: RHB Quan Easterling 0-0: Foul Ball, location: 2F
0-1: Swinging Strike
0-2: Foul Ball, location: 2F
0-2: Ball
1-2: Strikes out swinging
Batting: SHB Vicente Romero 0-0: Ball
1-0: Called Strike
1-1: Swinging Strike
1-2: Ball
2-2: Ball
3-2: DOUBLE (Line Drive, 9LD, EV 107.5 MPH)
Batting: RHB Nathan Pruitt 0-0: DOUBLE (Flyball, 8RXD, EV 102.5 MPH)
Vicente Romero scores
Batting: LHB Daniel Joseph 0-0: Called Strike
0-1: Ball
1-1: Foul Ball, location: 2F
1-2: Ball
2-2: Foul Ball, location: 2F
2-2: Ball
Wild Pitch!
Nathan Pruitt to third
3-2: Strikes out looking
Batting: RHB Eugene Bennett 0-0: Called Strike
0-1: SINGLE (Groundball, 3D, EV 95.0 MPH)
Nathan Pruitt scores
Batting: RHB Mark Toope 0-0: Called Strike
0-1: Ground out 6-3 (Groundball, 6MS, EV 83.1 MPH)
Top of the 2nd over - 2 runs, 3 hits, 0 errors, 1 left on base; Long Island 2 - Vancouver 0
BOTTOM OF THE 2ND
Vancouver Grey Wolves batting - Pitching for Long Island Lighthouse : RHP Nolan Howard
Batting: LHB Javier Sánchez 0-0: Foul Ball, location: 2F
0-1: Fly out, F7 (Line Drive, 7, EV 105.0 MPH)
Batting: RHB Rafael Maldonado 0-0: Swinging Strike
0-1: Ball
1-1: Ball
2-1: SINGLE (Groundball, 6MD, EV 100.0 MPH)
Batting: RHB Phil van Oosterom 0-0: Ball
1-0: Ball
2-0: Ground out 6-3 (Groundball, 6MS, EV 78.8 MPH)
Rafael Maldonado to second
Batting: RHB Kao-tsu Koo 0-0: Foul Ball, location: 2F
0-1: Ball
1-1: Fly out, F8 (Flyball, 8LS, EV 98.1 MPH)
Bottom of the 2nd over - 0 runs, 1 hit, 0 errors, 1 left on base; Long Island 2 - Vancouver 0
TOP OF THE 3RD
Long Island Lighthouse batting - Pitching for Vancouver Grey Wolves : LHP Gerardo Pagán
Batting: RHB Jonas van Claveren 0-0: Swinging Strike
0-1: Ball
1-1: Ball
2-1: Foul Ball, location: 2F
2-2: Ground out U3 (Groundball, 34, EV 83.1 MPH)
Batting: RHB Oliver Villalva 0-0: Ball
1-0: Foul Ball, location: 2F
1-1: Ball
2-1: Ball
3-1: Base on Balls
Batting: RHB Carlos Mendoza 0-0: Ball
1-0: Ball
2-0: Called Strike
2-1: Called Strike
2-2: DOUBLE (Flyball, 89D, EV 86.2 MPH)
Oliver Villalva to third
Batting: RHB Quan Easterling 0-0: Ball
1-0: Foul Ball, location: 2F
1-1: Ball
2-1: Ground out 4-3 (Groundball, 4M, EV 108.8 MPH)
Oliver Villalva scores
Carlos Mendoza to third
Batting: SHB Vicente Romero 0-0: Ball
1-0: Foul Ball, location: 2F
1-1: Ground out 6-3 (Groundball, 6, EV 99.4 MPH)
Top of the 3rd over - 1 run, 1 hit, 0 errors, 1 left on base; Long Island 3 - Vancouver 0
BOTTOM OF THE 3RD
Vancouver Grey Wolves batting - Pitching for Long Island Lighthouse : RHP Nolan Howard
Batting: LHB Cameron Woolever 0-0: Called Strike
0-1: Ground out 4-3 (Groundball, 4, EV 80.6 MPH)
Batting: RHB David Stone 0-0: Called Strike
0-1: Ball
1-1: Ground out 4-3 (Groundball, 4, EV 87.5 MPH)
Batting: LHB Yoritomo Sato 0-0: Ball
1-0: SINGLE (Groundball, 56D, EV 96.2 MPH)
Batting: LHB José Arras 0-0: Swinging Strike
0-1: Ball
1-1: Ball
2-1: Foul Ball, location: 2F
2-2: Strikes out swinging
Bottom of the 3rd over - 0 runs, 1 hit, 0 errors, 1 left on base; Long Island 3 - Vancouver 0
TOP OF THE 4TH
Long Island Lighthouse batting - Pitching for Vancouver Grey Wolves : LHP Gerardo Pagán
Batting: RHB Nathan Pruitt 0-0: SINGLE (Groundball, 56D, EV 96.9 MPH)
Batting: LHB Daniel Joseph 0-0: Called Strike
0-1: Called Strike
0-2: Ball
1-2: Foul Ball, location: 2F
1-2: Strikes out looking
Batting: RHB Eugene Bennett 0-0: Ball
1-0: Ball
2-0: Called Strike
2-1: Reached on error, E5 (Groundball, 56S, EV 86.9 MPH)
Nathan Pruitt to second
Batting: RHB Mark Toope 0-0: Called Strike
0-1: Foul Ball, location: 2F
0-2: Ball
1-2: Ball
2-2: Fly out, F9 (Flyball, 9LD, EV 105.6 MPH)
Batting: RHB Jonas van Claveren 0-0: Ball
1-0: 3-RUN HOME RUN (Flyball, 7D, EV 99.4 MPH), Distance : 369 ft
Pitching: RHP Mark Erwin
Batting: RHB Oliver Villalva 0-0: Foul Ball, location: 2F
0-1: Swinging Strike
0-2: Strikes out looking
Top of the 4th over - 3 runs, 2 hits, 1 error, 0 left on base; Long Island 6 - Vancouver 0
BOTTOM OF THE 4TH
Vancouver Grey Wolves batting - Pitching for Long Island Lighthouse : RHP Nolan Howard
Batting: LHB Robbie Brendle 0-0: Ball
1-0: Ball
2-0: Called Strike
2-1: SINGLE (Groundball, 34D, EV 96.2 MPH)
Batting: LHB Javier Sánchez 0-0: Ball
1-0: Ball
2-0: Ball
3-0: Base on Balls
Robbie Brendle to second
Batting: RHB Rafael Maldonado 0-0: Called Strike
0-1: Ball
1-1: Ball
2-1: Ball
3-1: Called Strike
3-2: Lines into TRIPLE play, 7-4-3 (Line Drive, 7, EV 99.4 MPH)
Bottom of the 4th over - 0 runs, 1 hit, 0 errors, 0 left on base; Long Island 6 - Vancouver 0
TOP OF THE 5TH
Long Island Lighthouse batting - Pitching for Vancouver Grey Wolves : RHP Mark Erwin
Batting: RHB Carlos Mendoza 0-0: Ball
1-0: Ground out 6-3 (Groundball, 6, EV 100.0 MPH)
Batting: RHB Quan Easterling 0-0: Ball
1-0: Foul Ball, location: 2F
1-1: Foul Ball, location: 2F
1-2: Foul Ball, location: 2F
1-2: Ball
2-2: SINGLE (Groundball, 6MD, EV 98.8 MPH)
Batting: SHB Vicente Romero 0-0: Ball
1-0: SINGLE (Line Drive, 78M, EV 96.9 MPH)
Quan Easterling to second
Batting: RHB Nathan Pruitt 0-0: Ball
1-0: Ball
2-0: Called Strike
2-1: Foul Ball, location: 2F
2-2: Ball
3-2: Strikes out swinging
Batting: LHB Daniel Joseph 0-0: SINGLE (Groundball, 6MD, EV 98.8 MPH)
Quan Easterling to third
Vicente Romero to second
Runner from 3rd tries for Home, throw by CF and OUT! 8-2
Top of the 5th over - 0 runs, 3 hits, 0 errors, 2 left on base; Long Island 6 - Vancouver 0
BOTTOM OF THE 5TH
Vancouver Grey Wolves batting - Pitching for Long Island Lighthouse : RHP Nolan Howard
Batting: RHB Phil van Oosterom 0-0: Called Strike
0-1: Foul Ball, location: 2F
0-2: Ball
1-2: Ground out 1-3 (Groundball, 34S, EV 80.6 MPH)
Batting: RHB Kao-tsu Koo 0-0: Called Strike
0-1: Ground out 6-3 (Groundball, 6, EV 90.0 MPH)
Batting: LHB Cameron Woolever 0-0: Ground out 4-3 (Groundball, 4, EV 86.2 MPH)
Bottom of the 5th over - 0 runs, 0 hits, 0 errors, 0 left on base; Long Island 6 - Vancouver 0
TOP OF THE 6TH
Long Island Lighthouse batting - Pitching for Vancouver Grey Wolves : RHP Mark Erwin
Batting: RHB Eugene Bennett 0-0: Foul Ball, location: 2F
0-1: Ball
1-1: SINGLE (Line Drive, 89S, EV 105.6 MPH)
Batting: RHB Mark Toope 0-0: Ball
1-0: Called Strike
1-1: Ball
2-1: Swinging Strike
2-2: Fly out, F8 (Flyball, 8RM, EV 75.6 MPH)
Batting: RHB Jonas van Claveren 0-0: Ball
1-0: Ball
2-0: Called Strike
2-1: Swinging Strike
2-2: Foul Ball, location: 2F
2-2: Ball
3-2: Fly out, F9 (Line Drive, 8RM, EV 101.9 MPH)
Batting: RHB Oliver Villalva 0-0: Called Strike
0-1: Ball
1-1: Swinging Strike
1-2: Ball
2-2: Strikes out swinging
Top of the 6th over - 0 runs, 1 hit, 0 errors, 1 left on base; Long Island 6 - Vancouver 0
BOTTOM OF THE 6TH
Vancouver Grey Wolves batting - Pitching for Long Island Lighthouse : RHP Nolan Howard
Batting: RHB David Stone 0-0: Ball
1-0: Ball
2-0: Called Strike
2-1: Foul Ball, location: 3F, Error on foul ball, E3
2-2: Foul Ball, location: 2F
2-2: Strikes out looking
Batting: LHB Yoritomo Sato 0-0: Fly out, F5 (Flyball, 5DF, EV 82.5 MPH)
Batting: LHB José Arras 0-0: Ball
1-0: Foul Ball, location: 2F
1-1: Ground out U3 (Groundball, 3L, EV 82.5 MPH)
Bottom of the 6th over - 0 runs, 0 hits, 1 error, 0 left on base; Long Island 6 - Vancouver 0
TOP OF THE 7TH
Long Island Lighthouse batting - Pitching for Vancouver Grey Wolves : RHP Mark Erwin
Batting: RHB Carlos Mendoza 0-0: Ball
1-0: Swinging Strike
1-1: Fly out, F4 (Popup, 4, EV 75.0 MPH)
Batting: RHB Quan Easterling 0-0: Ball
1-0: Ball
2-0: Called Strike
2-1: Ground out 5-3 (Groundball, 5S, EV 87.5 MPH)
Batting: SHB Vicente Romero 0-0: Ball
1-0: Ball
2-0: Ball
3-0: Base on Balls
Batting: RHB Nathan Pruitt 0-0: SINGLE (Line Drive, 6MD, EV 99.4 MPH)
Vicente Romero to second
Runner from 2nd tries for 3rd, SAFE, throw by CF made to third
Batting: LHB Daniel Joseph 0-0: Ball
1-0: Ball
2-0: Ground out 4-3 (Groundball, 3, EV 85.0 MPH)
Top of the 7th over - 0 runs, 1 hit, 0 errors, 2 left on base; Long Island 6 - Vancouver 0
BOTTOM OF THE 7TH
Vancouver Grey Wolves batting - Pitching for Long Island Lighthouse : RHP Nolan Howard
Batting: LHB Robbie Brendle 0-0: Ground out 1-3 (Groundball, 13S, EV 73.1 MPH)
Batting: LHB Javier Sánchez 0-0: Ball
1-0: Swinging Strike
1-1: Ball
2-1: Ball
3-1: Called Strike
3-2: Foul Ball, location: 2F
3-2: Foul Ball, location: 2F
3-2: Fly out, F5 (Popup, 5SF, EV 81.2 MPH)
Batting: RHB Rafael Maldonado 0-0: Called Strike
0-1: Ball
1-1: Ball
2-1: Called Strike
2-2: Ball
3-2: Foul Ball, location: 2F
3-2: Ground out 5-3 (Groundball, 5L, EV 102.5 MPH)
Bottom of the 7th over - 0 runs, 0 hits, 0 errors, 0 left on base; Long Island 6 - Vancouver 0
TOP OF THE 8TH
Long Island Lighthouse batting - Pitching for Vancouver Grey Wolves : RHP Mark Erwin
Batting: RHB Eugene Bennett 0-0: Ball
1-0: SINGLE (Line Drive, 56D, EV 98.8 MPH)
Pitching: LHP Ángel Flores
Batting: RHB Mark Toope 0-0: Called Strike
0-1: Swinging Strike
0-2: Ball
1-2: Ball
2-2: Foul Ball, location: 2F
2-2: Ball
3-2: Fly out, F7 (Flyball, 78D, EV 101.2 MPH)
Batting: RHB Jonas van Claveren 0-0: Ball
1-0: Ball
2-0: Ball
3-0: Base on Balls
Eugene Bennett to second
Batting: RHB Oliver Villalva 0-0: Fly out, F8 (Flyball, 89D, EV 88.8 MPH)
Runner from 2nd tags up, SAFE at 3rd, no throw by CF
Batting: RHB Carlos Mendoza 0-0: Foul Ball, location: 2F
0-1: Fielders Choice at 2nd, 6-4 (Groundball, 6, EV 111.2 MPH)
Top of the 8th over - 0 runs, 1 hit, 0 errors, 2 left on base; Long Island 6 - Vancouver 0
BOTTOM OF THE 8TH
Vancouver Grey Wolves batting - Pitching for Long Island Lighthouse : RHP Nolan Howard
Batting: RHB Phil van Oosterom 0-0: Swinging Strike
0-1: Swinging Strike
0-2: Ball
1-2: Foul Ball, location: 2F
1-2: Ball
2-2: Strikes out swinging
Batting: RHB Kao-tsu Koo 0-0: Ground out 5-3 (Groundball, 56S, EV 76.2 MPH)
Batting: LHB Cameron Woolever 0-0: Called Strike
0-1: Foul Ball, location: 2F
0-2: Ball
1-2: Ball
2-2: Ball
3-2: Ground out 5-3 (Groundball, 56, EV 82.5 MPH)
Bottom of the 8th over - 0 runs, 0 hits, 0 errors, 0 left on base; Long Island 6 - Vancouver 0
TOP OF THE 9TH
Long Island Lighthouse batting - Pitching for Vancouver Grey Wolves : LHP Ángel Flores
Pitching: LHP Quan Shiu
Batting: RHB Quan Easterling 0-0: SOLO HOME RUN (Flyball, 78XD, EV 106.9 MPH), Distance : 384 ft
Pinch Hitting: RHB Alberto Ramírez 0-0: Ball
1-0: Ball
2-0: Fly out, F9 (Line Drive, 9, EV 91.2 MPH)
Pinch Hitting: RHB Paco González 0-0: Called Strike
0-1: Foul Ball, location: 2F
0-2: Foul Ball, location: 2F
0-2: Ball
1-2: SINGLE (Groundball, 56D, EV 108.8 MPH)
Batting: LHB Daniel Joseph 0-0: Called Strike
0-1: Foul Ball, location: 2F
0-2: Ball
1-2: Fly out, F4 (Line Drive, 4, EV 68.8 MPH)
Pinch Hitting: LHB Héctor Velázquez 0-0: Called Strike
0-1: Foul Ball, location: 2F
0-2: Foul Ball, location: 2F
0-2: Foul Ball, location: 2F
0-2: Foul Ball, location: 2F
0-2: Foul Ball, location: 2F
0-2: Ball
1-2: Foul Ball, location: 2F
1-2: Foul Ball, location: 2F
1-2: Ground out U3 (Groundball, 3, EV 77.5 MPH)
Top of the 9th over - 1 run, 2 hits, 0 errors, 1 left on base; Long Island 7 - Vancouver 0
BOTTOM OF THE 9TH
Vancouver Grey Wolves batting - Pitching for Long Island Lighthouse : RHP Nolan Howard
Now at SS: Paco González
Now in LF: Héctor Velázquez
Now in RF: Alberto Ramírez
Pinch Hitting: RHB Alejandro Cantú 0-0: Ball
1-0: Foul Ball, location: 2F
1-1: Foul Ball, location: 2F
1-2: Strikes out swinging
Pinch Hitting: RHB Hani Azwan 0-0: Foul Ball, location: 2F
0-1: Called Strike
0-2: Ball
1-2: SOLO HOME RUN (Flyball, 78XD, EV 95.0 MPH), Distance : 385 ft
Batting: LHB José Arras 0-0: Ball
1-0: Called Strike
1-1: Called Strike
1-2: Strikes out swinging
Batting: LHB Robbie Brendle 0-0: Ball
1-0: Foul Ball, location: 2F
1-1: Ball
2-1: Foul Ball, location: 2F
2-2: Ground out U3 (Groundball, 3, EV 83.8 MPH)
Bottom of the 9th over - 1 run, 1 hit, 0 errors, 0 left on base; Long Island 7 - Vancouver 1
Tuesday, January 5th, 2021 - OOTP Baseball 20.8 Build 74